Description

roachhydrabrood

Replay - 3 - Blackburn LE

Build Order

Get SALT Encoding   

  12  0:00  Drone  
  13  0:12  Overlord  
  13  0:16  Drone  
  14  0:31  Drone x2  
  16  0:40  Spawning Pool  
  15  0:44  Drone x2  
  17  1:08  Hatchery  
  17  1:11  Drone x2  
  18  1:27  Queen, Zergling x4  
  22  1:38  Overlord  
  22  1:55  Hatchery  
  22  2:00  Drone x2  
  23  2:11  Queen  
  28  2:29  Queen  
  30  2:35  Overlord  
  39  3:12  Extractor x2  
  36  3:13  Queen  
  41  3:21  Queen  
  41  3:22  Overlord  
  44  3:29  Roach Warren  
  48  3:47  Overlord  
  53  4:09  Roach x3  
  62  4:23  Lair  
  71  4:31  Roach  
  75  4:42  Extractor x2  
  77  4:59  Extractor x2  
  80  5:01  Spore Crawler  
  82  5:08  Roach x3  
  82  5:09  Evolution Chamber x2  
  86  5:16  Roach x3  
  92  5:22  Glial Reconstitution  
  92  5:24  Overseer  
  98  5:41  Zerg Missile Weapons Level 1  
  98  5:43  Zerg Ground Armor Level 1  
  102  5:54  Infestation Pit  
  107  6:06  Spore Crawler  
  107  6:10  Hatchery  
  115  6:27  Evolution Chamber  
  122  6:45  Infestor x2  
  135  6:54  Metabolic Boost  
  135  6:57  Spore Crawler  
  135  7:02  Ravager  
  135  7:04  Hive  
  136  7:13  Spire  
  143  7:24  Extractor x2  
  143  7:29  Queen  
  150  7:34  Ravager x4  
  156  7:42  Zerg Missile Weapons Level 2  
  156  7:43  Zergling x8  
  160  7:47  Zerg Ground Armor Level 2  
  160  7:52  Zergling x6  
  160  7:57  Ravager x2  
  165  7:59  Zergling x2  
  182  8:13  Overseer  
  175  8:40  Hatchery  
  184  8:56  Greater Spire  
  184  8:59  Corruptor x3  
  190  9:05  Corruptor x2  
  187  9:50  Corruptor x2  
  190  9:55  Extractor x2  
  190  9:56  Spore Crawler, Ravager  
  185  10:08  Brood Lord x5  
  195  10:15  Hatchery  
  182  10:21  Brood Lord x2  
  182  10:22  Queen x4  
  182  10:26  Ravager x2  
  196  10:36  Hydralisk Den  
  196  10:42  Zerg Melee Weapons Level 1  
  194  11:02  Adrenal Glands  
  179  11:37  Muscular Augments  
  179  11:39  Lurker Den  
Spawning Tool Build Advisor. Get it on Overwolf

Go to:

Details

  • Created by: lucahecker
  • Published on: Nov 27, 2021
  • Modified on: Nov 27, 2021
  • Patch: 4.11.0
  • Difficulty: Hard
Show
View Real Time Build Order
Export as new Build Order

Comments (0)

There are no comments. Be the first!

Create an account to comment!